 Dungeon Crawl Stone Soup version 0.31-a0-692-gf03d1854d5 (webtiles) character file.

Game seed: 10408001831978272757

55 qw the Shooter (level 3, 0/23 HPs)
             Began as a Gargoyle Hunter on Sept 6, 2023.
             Slain by Grinder (7 damage)
             ... on level 3 of the Dungeon.
             The game lasted 00:00:34 (1688 turns).

qw the Shooter (Gargoyle Hunter)                    Turns: 1688, Time: 00:00:35

Health: 0/23       AC:  9    Str: 14    XL:     3   Next: 93%
Magic:  3/3        EV: 10    Int:  9    God:
Gold:   111        SH:  0    Dex: 15    Spells: 2/2 levels left

rFire   . . .        Y - +0 shortbow
rCold   . . .        (shield currently unavailable)
rNeg    + . .        e - +0 ring mail
rPois   inf          (no helmet)
rElec   +            (no cloak)
rCorr   .            f - +0 pair of gloves
SInv    .            (no boots)
Will    .....        (no amulet)
Stlth   +            (no ring)
HPRegen 0.23/turn    (no ring)
MPRegen 0.08/turn

%: no passive effects
@: no status effects
A: sickness immunity, AC +3, negative energy resistance 1, electricity
resistance, torment resistance 1, petrification resistance
a: no special abilities


You were on level 3 of the Dungeon.
You visited 1 branch of the dungeon, and saw 3 of its levels.

You collected 111 gold pieces.


Innate Abilities, Weirdness & Mutations

You are immune to sickness and miasma.
Your stone body is resilient. (AC +3)
You are immune to poison.
You resist negative energy. (rN+)
You are resistant to electric shocks. (rElec)
You are resistant to unholy torment.
You are immune to petrification.


   Skills:
 - Level 3.0 Fighting
 - Level 5.0 Ranged Weapons
 + Level 0.2 Armour
 - Level 1.5 Dodging
 - Level 1.1 Stealth


You had 2 spell levels left.
You didn't know any spells.
Your spell library was empty.

Inventory:

Hand Weapons
 Y - a +0 shortbow (weapon)
Armour
 e - a +0 ring mail (worn)
 f - a +0 pair of gloves (worn)
Scrolls
 d - a scroll of identify
Potions
 a - a potion of degeneration {unknown}
 b - a potion of ambrosia {unknown}
 g - a potion of curing {unknown}
 h - a potion of haste {unknown}
 i - a potion of brilliance {unknown}
 j - a potion of might {unknown}

Dungeon Overview and Level Annotations

Branches:
Dungeon (3/15)

Altars:

Shops:
D:1 :

Annotations:
D:3 Grinder


Message History

You shoot an arrow. The arrow barely misses the hobgoblin.
The arrow closely misses Grinder.
The hobgoblin hits you but does no damage.
You shoot an arrow. The arrow closely misses the hobgoblin.
The arrow hits Grinder.
Grinder is lightly wounded.
The hobgoblin barely misses you. x2
You shoot an arrow. The arrow hits the hobgoblin.
You kill the hobgoblin!
Grinder blinks!
You shoot an arrow. The arrow hits Grinder.
Grinder is lightly wounded.
You shoot an arrow. The arrow barely misses Grinder.
You shoot an arrow. The arrow closely misses Grinder.
You shoot an arrow. The arrow closely misses Grinder.
Grinder closely misses you. Grinder hits you but does no damage.
You shoot an arrow. The arrow hits Grinder.
Grinder is moderately wounded.
Grinder hits you but does no damage.
You shoot an arrow. The arrow hits Grinder.
Grinder is moderately wounded.
Grinder hits you but does no damage.
You shoot an arrow.
The arrow hits Grinder but does no damage.
Grinder is moderately wounded.
Grinder hits you.
You writhe in agony.
You shoot an arrow. The arrow closely misses Grinder.
Grinder hits you!
You writhe in agony.
Grinder hits you but does no damage.
You shoot an arrow.
The arrow hits Grinder but does no damage.
Grinder is moderately wounded.
Grinder closely misses you.
You shoot an arrow. The arrow barely misses Grinder.
Grinder hits you.
You shoot an arrow.
The arrow hits Grinder but does no damage.
Grinder is moderately wounded.
Grinder hits you!
You die...
Grinder says, "Now the real fun starts!"

#.# #..# #.# #.#
#.####..###.# #.#
#...........####.#####.
######.................
####..#######........
###.....#######........
#................[.....
###.###.#.###..#5#.....
#. #......#..@[....# #.
#......#..#.#.....
......#.#..?......#..
#.#..>#.#.####.##.#
......#.#.# .# #
#.#...#.#.. .. #?...
..... .## #.##.# ## ..


You could see Grinder.

Vanquished Creatures
  2 adders (D:2)
  A worm (D:2)
  A ball python (D:2)
  2 endoplasms (D:1)
  A giant cockroach (D:2)
  4 hobgoblins
  5 jackals (D:1)
  3 quokkas
  4 bats
  3 frilled lizards (D:1)
  A kobold (D:3)
  8 rats
35 creatures vanquished.

Notes
Turn   | Place    | Note
-------+----------+-------------------------------------------
     0 | D:1      | qw the Gargoyle Hunter began the quest for the Orb.
     0 | D:1      | Reached XP level 1. HP: 12/12 MP: 1/1
     0 | D:1      | 0 ||| qw: Version: 0.3-a-76-g4403597
     0 | D:1      | 0 ||| qw: Game counter: 66
     0 | D:1      | 0 ||| qw: Melee chars always use a shield: true
     0 | D:1      | 0 ||| qw: God list: Okawaru
     0 | D:1      | 0 ||| qw: Allow faded altars: false
     0 | D:1      | 0 ||| qw: Do Orc after clearing Dungeon:15 true
     0 | D:1      | 0 ||| qw: Do second Lair branch before Depths: true
     0 | D:1      | 0 ||| qw: Lair rune preference: random
     0 | D:1      | 0 ||| qw: Goals: Normal
     0 | D:1      | 0 ||| PLANNING D:1-11
   192 | D:1      | Reached XP level 2. HP: 17/17 MP: 2/2
   368 | D:1      | Reached XP level 3. HP: 21/21 MP: 3/3
   694 | D:1      | Found Qacuxaot's Book Emporium.
   796 | D:1      | 796 ||| UPGRADING to +0 pair of gloves.
   801 | D:1      | 801 ||| READING scroll labelled DOSMEXO SONY.
   802 | D:1      | 802 ||| READING 2 scrolls labelled COREHEFERESU.
   803 | D:1      | 803 ||| READING scroll labelled LEDGHI BUPPAO.
   804 | D:1      | 804 ||| READING scroll labelled JUWIBR BOBU.
   805 | D:1      | 805 ||| DROPPING scroll of butterflies.
   806 | D:1      | 806 ||| DROPPING scroll of fear.
   848 | D:2      | Reached skill level 5 in Ranged Weapons
  1003 | D:2      | Found a faded altar of an unknown god.
  1004 | D:2      | Noticed a great orb of eyes
  1008 | D:2      | Noticed a golden eye
  1008 | D:2      | Noticed an eye of devastation
  1008 | D:2      | Noticed a great orb of eyes
  1131 | D:2      | Reached skill level 3 in Fighting
  1496 | D:2      | 1496 ||| UPGRADING to +0 ring mail.
  1506 | D:2      | 1506 ||| DROPPING +0 leather armour.
  1507 | D:2      | 1507 ||| READING 3 scrolls labelled OXTE DUKUG.
  1508 | D:2      | 1508 ||| READING 2 scrolls labelled CAH SOECRYSIBALO.
  1509 | D:2      | 1509 ||| DROPPING 2 scrolls of amnesia.
  1672 | D:3      | Noticed Grinder
  1688 | D:3      | Slain by Grinder

Levels and vault maps discovered:
D:1:      kilobyte_arrival_exit_the_forest, layout_basic, serial_shops,
          nicolae_shop_pleasant_corner_grove
D:2:      layout_basic, hellmonk_ecumenical_altar_watching_god
D:3:      layout_loops_ring, nicolae_uskayaw_suspiria,
          mainiacjoe_overflow_six_doors_small, serial_glass, glass_columns_a,
          glass_columns_a, kennysheep_doodads, minmay_fractal_squares_5,
          uniq_grinder, uniq_crazy_yiuf_cottage, uniq_ijyb

Skill      XL: |  1  2  3 |
---------------+----------+-----
Ranged Weapons | 5 |  5.0
Fighting       | 3 |  3.0
Armour         | |  0.2
Dodging        | |  1.5
Stealth        | |  1.1

Action                     || total
---------------------------++-------
   Fire: Shortbow          ||   117
    Use: Scroll            ||     6
 Armour: Leather armour    ||    22
         Ring mail         ||    11
  Dodge: Dodged            ||    33

Table legend:
 A = Non-vault XP
 B = Vault XP
 C = Vault XP percentage of total XP
 D = Non-vault monster count
 E = Vault monster count
 F = Vault count percentage of total count
                 A         B        C        D         E       F
            +---------+---------+-------+---------+---------+-------
      Total |      79 |       0 |   0.0 |      35 |       0 |   0.0
            +---------+---------+-------+---------+---------+-------
        D:1 |      36 |       0 |   0.0 |      24 |       0 |   0.0
        D:2 |      40 |       0 |   0.0 |       9 |       0 |   0.0
        D:3 |       3 |       0 |   0.0 |       2 |       0 |   0.0
            +---------+---------+-------+---------+---------+-------
